 Dungeon Crawl Stone Soup version 0.30.1-11-g7821555f0a (webtiles) character file.

Game seed: 7302047436355277780

2787 KittyFluff the Protected (level 9, -2/56 HPs)
             Began as a Gargoyle Berserker on Nov 1, 2023.
             Was an Elder of Trog.
             Slain by a skeletal warrior
             ... wielding a +0 halberd
              (4 damage)
             ... on level 7 of the Dungeon.
             The game lasted 00:24:23 (6182 turns).

KittyFluff the Protected (Gargoyle Berserker)       Turns: 6182, Time: 00:24:25

Health: -2/56      AC: 22    Str: 24    XL:     9   Next: 70%
Magic:  9/9        EV: 16    Int:  9    God:    Trog [****..]
Gold:   402        SH: 13    Dex:  9    Spells: 8/8 levels left

rFire   . . .        j - +2 flail (protect)
rCold   . . .        K - +0 kite shield
rNeg    + + .        N - +2 robe {Will+}
rPois   ∞            t - +0 helmet
rElec   +            G - +2 cloak {Will+}
rCorr   .            (no gloves)
SInv    .            (no boots)
Will    ++...        b - amulet of reflection
Stlth   +            s - +5 ring of evasion
HPRegen 0.29/turn    I - ring of positive energy
MPRegen 0.11/turn

%: reflection
@: about to teleport, under a protective aura
A: sickness immunity, AC +6, negative energy resistance 1, electricity
resistance, torment resistance 1, petrification resistance
a: Renounce Religion, Berserk, Trog's Hand, Brothers in Arms


You were on level 7 of the Dungeon.
You worshipped Trog.
Trog was greatly pleased with you.
You visited 1 branch of the dungeon, and saw 7 of its levels.

You collected 402 gold pieces.

Inventory:

Hand Weapons
 a - a +0 mace
 j - a +2 flail of protection (weapon)
 u - a +0 sling
 F - a +2 quarterstaff of chaos
 H - a +0 morningstar
 J - a +0 arbalest
Missiles
 o - 2 boomerangs (quivered)
 y - 13 poisoned darts
 C - 6 curare-tipped darts
 L - 5 javelins
Armour
 t - a +0 helmet (worn)
 v - the +0 leather armour of the Dripping Gods {rN++}
   (You found it on level 4 of the Dungeon)

   rN:        It greatly protects you from negative energy.
 G - a +2 cloak of willpower (worn)
 K - a +0 kite shield (worn)
 N - a +2 robe of willpower (worn)
 O - a +1 hat
Jewellery
 b - an amulet of reflection (around neck)
 s - a +5 ring of evasion (left hand)
 I - a ring of positive energy (right hand)
Wands
 q - a wand of polymorph (9)
Scrolls
 c - a scroll of blinking {unknown}
 e - 2 scrolls of identify {unknown}
 f - a scroll of amnesia {unknown}
 k - a scroll of poison {unknown}
 l - 2 scrolls of teleportation
 m - a scroll of acquirement {unknown}
 p - a scroll of noise {unknown}
 r - 3 scrolls of vulnerability {unknown}
 w - a scroll of fog {unknown}
 x - a scroll of immolation {unknown}
 B - a scroll of enchant armour {unknown}
 E - a scroll of fear {unknown}
 P - a scroll of butterflies {unknown}
 Q - 2 scrolls of enchant weapon {unknown}
Potions
 d - 2 potions of cancellation {unknown}
 g - a potion of magic {unknown}
 h - 6 potions of curing
 i - 3 potions of might {unknown}
 n - a potion of invisibility {unknown}
 z - a potion of lignification {unknown}
 A - 2 potions of heal wounds {unknown}
 D - a potion of resistance {unknown}
 M - a potion of attraction {unknown}


   Skills:
 + Level 6.5 Fighting
 * Level 7.9 Maces & Flails
 * Level 8.2 Armour
 + Level 4.4 Dodging
 + Level 3.4 Shields


You had 8 spell levels left.
You didn't know any spells.
Your spell library was empty.

Dungeon Overview and Level Annotations

Branches:
Dungeon (7/15)             Temple (0/1) D:6

Altars:
Elyvilon
Makhleb
Trog
Xom
Zin

Shops:
D:6 *


Innate Abilities, Weirdness & Mutations

You are immune to sickness and miasma.
Your stone body is resilient. (AC +6)
You are immune to poison.
You resist negative energy. (rN+)
You are resistant to electric shocks. (rElec)
You are resistant to unholy torment.
You are immune to petrification.


Message History

You kill the water moccasin!
Trog accepts your kill.
You open the door.
A cyclops, a skeletal warrior, a brown ugly thing, a troll, a slime creature and 2 kobold demonologists come into view.
The brown ugly thing gurgles horribly!
The troll shouts!
The slime creature quivers.
The kobold demonologist shouts! x2
The kobold demonologist casts a spell.
Found eight items.
Unknown command.
The skeletal warrior hits you from afar with a +0 halberd!
Something closely misses you. You block something's attack.
Deactivating autopickup; reactivate with Ctrl-A.
Something hits you but does no damage. Something hits you.
Something hits you but does no damage. You block something's attack.
There is an open door here.
Something hits you but does no damage. Something hits you but does no damage.
Something hits you. Something hits you but does no damage.
Something hits you but does no damage. Something closely misses you.
Something completely misses you.
You miss something. Something barely misses you.
A skeletal warrior opens the door.
You block something's attack.
You sock something!
Your weapon exudes an aura of protection.
Something hits you but does no damage. x2; The skeletal warrior misses you.
The skeletal warrior hits you from afar with a +0 halberd!
Something hits you but does no damage.
You miss something. Something hits you! You block something's attack.
The skeletal warrior hits you from afar with a +0 halberd!!
* * * LOW HITPOINT WARNING * * *
As you read the scroll labelled ZUD ERICIFYIL, it crumbles to dust.
You feel strangely unstable.
It was a scroll of teleportation.
Something barely misses you.
A kobold demonologist breaks down the door.
The skeletal warrior hits you from afar with a +0 halberd.
You die...

#.........# #.# #.#
#### #.....##### #.#
#.# # #......# #.# #.#
# ######......## #.#
#.# # #.............
#.# #.# #
#..........##.####.#
#..........##...##.#
###...........###....#
............C.T{@....#
##+#####'#####z###...#
##..#....(##. #...#
##.).#.#####. #.....
#...#+....5' +.#.#..#
...###T###K# #[.......
..## #.....# #...#..>#
##'#####'### #...#.###
....:# .5u.


You could see a skeletal warrior, a cyclops, a kobold demonologist, a troll and
an ufetubus (summoned).

Vanquished Creatures
  Pikel (D:6)
  Eustachio (D:6)
  A steam dragon (D:7)
  Edmund (D:5)
  2 water moccasins
  A black bear (D:5)
  A phantom (D:5)
  A kobold brigand (D:6)
  A gnoll sergeant (D:6)
  3 scorpions
  Blork the orc (D:5)
  3 bullfrogs (D:7)
  6 wights
  3 killer bees (D:7)
  A hound (D:5)
  Crazy Yiuf (D:5)
  5 iguanas
  Natasha (twice) (D:3)
  An orc wizard (D:7)
  2 sleepcaps (D:6)
  Robin (D:3)
  9 gnolls
  6 adders
  3 white imps
  An ufetubus (D:6)
  A worm (D:3)
  2 dart slugs
  2 orcs
  5 bats
  4 endoplasms
  5 giant cockroaches
  12 goblins
  12 hobgoblins
  5 jackals
  12 kobolds
  7 quokkas
  2 ball pythons
  11 frilled lizards
  25 rats
163 creatures vanquished.

Notes
Turn   | Place    | Note
-------+----------+-------------------------------------------
     0 | D:1      | KittyFluff the Gargoyle Berserker began the quest for the
                  | Orb.
     0 | D:1      | Reached XP level 1. HP: 14/14 MP: 1/1
   164 | D:1      | Reached XP level 2. HP: 17/19 MP: 2/2
   363 | D:1      | Reached XP level 3. HP: 17/23 MP: 3/3
   447 | D:1      | Found a faded altar of an unknown god.
   449 | D:1      | Reached ** piety under Trog
   726 | D:2      | Found a shimmering altar of Xom.
   949 | D:2      | Reached skill level 3 in Armour
  1304 | D:2      | Reached XP level 4. HP: 27/29 MP: 4/4
  1546 | D:3      | Noticed Natasha
  1559 | D:3      | Killed Natasha
  1905 | D:3      | Found a white marble altar of Elyvilon.
  1923 | D:3      | Reached *** piety under Trog
  2085 | D:3      | Reached XP level 5. HP: 30/33 MP: 5/5
  2172 | D:3      | Noticed Robin
  2190 | D:3      | Killed Robin
  2471 | D:3      | Noticed Natasha
  2481 | D:3      | Killed Natasha
  2565 | D:4      | Reached skill level 4 in Armour
  2698 | D:4      | Identified the +0 leather armour of the Dripping Gods
                  | {rN++}
  3003 | D:5      | Entered Level 5 of the Dungeon
  3067 | D:5      | Noticed Edmund
  3085 | D:5      | Killed Edmund
  3086 | D:5      | Reached XP level 6. HP: 30/39 MP: 6/6
  3335 | D:5      | Noticed a black bear
  3343 | D:5      | Killed a black bear
  3344 | D:5      | Reached skill level 5 in Maces & Flails
  3344 | D:5      | Reached skill level 5 in Armour
  3344 | D:5      | Reached XP level 7. HP: 42/44 MP: 7/7
  3390 | D:5      | Noticed Blork the orc
  3403 | D:5      | Killed Blork the orc
  3408 | D:5      | Reached **** piety under Trog
  3809 | D:5      | Reached skill level 5 in Fighting
  3832 | D:5      | Found a runed translucent door.
  3833 | D:5      | Noticed Crazy Yiuf
  3840 | D:5      | Killed Crazy Yiuf
  3943 | D:5      | Reached XP level 8. HP: 49/49 MP: 8/8
  3990 | D:5      | Reached skill level 6 in Armour
  4216 | D:6      | Noticed Eustachio
  4240 | D:6      | Killed Eustachio
  4292 | D:6      | Found Juffezxo's Serpentskin Sales.
  4392 | D:6      | Noticed Pikel
  4411 | D:6      | Killed Pikel
  4412 | D:6      | Reached skill level 7 in Armour
  4412 | D:6      | Reached XP level 9. HP: 23/55 MP: 9/9
  4558 | D:6      | Found a staircase to the Ecumenical Temple.
  4778 | D:6      | Found a glowing silver altar of Zin.
  4778 | D:6      | Found a bloodstained altar of Trog.
  5616 | D:7      | Found a burning altar of Makhleb.
  5663 | D:7      | Reached skill level 8 in Armour
  6163 | D:7      | Noticed a cyclops
  6163 | D:7      | Noticed a skeletal warrior
  6163 | D:7      | Noticed a brown ugly thing
  6163 | D:7      | Noticed a kobold demonologist
  6163 | D:7      | Noticed a troll
  6163 | D:7      | Noticed a kobold demonologist
  6181 | D:7      | HP: 2/56 [skeletal warrior/+0 halberd (18)]
  6182 | D:7      | Slain by a skeletal warrior

Illustrated notes

Levels and vault maps discovered:
D:1:      wander_arrival_chamber, layout_rooms, basic_ecumenical_altar,
          minmay_box_of_dots
D:2:      layout_basic, basic_altar, minmay_rat_hole
D:3:      layout_basic, elyvilon_altar_3, uniq_robin, uniq_natasha
D:4:      layout_cave_pools, serial_forest, infiniplex_forest_clump_curved,
          infiniplex_forest_clump_small, infiniplex_forest_straight_4,
          infiniplex_forest_clump_medium, infiniplex_forest_lined_4_way,
          infiniplex_forest_lined_corner, infiniplex_forest_side_room
D:5:      layout_basic, chequers_serial_rivers_marsh, uniq_edmund,
          uniq_crazy_yiuf_cottage, uniq_blork_the_orc
D:6:      layout_loops_corners, gammafunk_temple_overflow_wave,
          minmay_temple_entry_poolview, minmay_door_square, guppyfry_shop_venom,
          uniq_eustachio, uniq_pikel
D:7:      minmay_the_grid_square_5x5_3x3
          [minmay_the_grid_square_5x5_spiral_small,
          minmay_the_grid_square_5x5_seven, minmay_the_grid_square_5x5_inner_z,
          minmay_the_grid_square_5x5_minivault,
          minmay_the_grid_square_5x5_megaprize_open,
          minmay_the_grid_square_5x5_six, minmay_the_grid_square_5x5_comb,
          minmay_the_grid_square_5x5_tie, minmay_the_grid_square_5x5_slash],
          layout_basic, mainiacjoe_overflow_chevrons

Skill      XL: |  1  2  3  4  5  6  7  8  9 |
---------------+----------------------------+-----
Dodging        | 2 3 4 |  4.4
Armour         | 3 4 5 7 8 |  8.2
Maces & Flails | 4 5 7 |  7.9
Fighting       | 4 5 6 |  6.5
Shields        | 2 3 |  3.4

Action                     |  1- 3 |  4- 6 |  7- 9 || total
---------------------------+-------+-------+-------++-------
  Melee: Mace              |   146 |   180 |       ||   326
         Punch             |       |     1 |     1 ||     2
         Flail             |       |    14 |   323 ||   337
  Throw: Dart              |       |     3 |       ||     3
 Invoke: Berserk           |       |     1 |     1 ||     2
    Use: Scroll            |       |       |     1 ||     1
   Stab: Sleeping          |       |     1 |       ||     1
 Armour: Animal skin       |    33 |       |       ||    33
         Leather armour    |    23 |    55 |    71 ||   149
         Robe              |       |       |    65 ||    65
  Dodge: Dodged            |   119 |   111 |   207 ||   437
  Block: Other             |     5 |    52 |    27 ||    84
         Kite shield       |       |       |   185 ||   185
         Reflection        |       |       |     4 ||     4
